 Dungeon Crawl Stone Soup version 0.27-a0-343-gfcad680f63 (webtiles) character file.

Game seed: 17230888207908469464

2 ismpop the Cudgeller (level 1, 0/20 HPs)
             Began as a Minotaur Berserker on Feb 14, 2021.
             Was a Follower of Trog.
             Slain by a rat (1 damage)
             ... on level 1 of the Dungeon.
             The game lasted 00:00:27 (65 turns).

ismpop the Cudgeller (Minotaur Berserker)             Turns: 65, Time: 00:00:28

Health: 0/20       AC:  2    Str: 21    XL:     1   Next: 33%
Magic:  0/0        EV: 12    Int:  4    God:    Trog [*.....]
Gold:   0          SH:  0    Dex:  9    Spells: 0/0 levels left

rFire    . . .     SeeInvis +   a - +0 mace
rCold    . . .     Faith    .   (no shield)
rNeg     . . .     Spirit   .   b - +0 animal skin
rPois    .         Reflect  .   (helmet restricted)
rElec    .         Harm     .   (no cloak)
rCorr    .         Rampage  .   (no gloves)
Will     .....                  (no boots)
Stlth    +.........             (no amulet)
HPRegen  0.06/turn              c - ring of see invisible
MPRegen  0.07/turn              (no ring)

@: about to teleport, berserk cooldown, slowed, very slow
A: retaliatory headbutt, horns 2
a: Renounce Religion, Berserk


You were on level 1 of the Dungeon.
You worshipped Trog.
Trog was aware of your devotion.
You visited 1 branch of the dungeon, and saw 1 of its levels.

Inventory:

Hand Weapons
 a - a +0 mace (weapon)
Armour
 b - a +0 animal skin (worn)
Jewellery
 c - a ring of see invisible (left hand)


   Skills:
 + Level 3.7 Fighting
 + Level 3.7 Maces & Flails
 + Level 2.5 Armour
 + Level 2.2 Dodging


You couldn't memorise any spells.
You didn't know any spells.
Your spell library was empty.

Dungeon Overview and Level Annotations

Branches:
Dungeon (1/15)

Altars:


Innate Abilities, Weirdness & Mutations

You reflexively headbutt those who attack you in melee.
You have a pair of horns on your head.


Message History

The giant cockroach barely misses you.
You closely miss the goblin. The giant cockroach closely misses you.
You barely miss the goblin. The goblin barely misses you.
You sock the giant cockroach!
You kill the giant cockroach!
Trog accepts your kill. The goblin barely misses you.
You barely miss the goblin. The goblin hits you with a +0 dagger.
The goblin closely misses you.
You feel a strong urge to attack something.
A rat comes into view.
You closely miss the goblin. Your headbutt misses the goblin.
The goblin hits you with a +0 dagger.
You sock the goblin!
You kill the goblin!
Trog accepts your kill.
Things that are here:
a +0 dagger; a goblin corpse You feel a strong urge to attack something. 2 dart slugs come into view.
You are no longer berserk.
You are exhausted.
You feel yourself slow down.
A bat comes into view.
The rat bites you. x2
You hit the rat but do no damage. Your headbutt misses the rat.
The rat bites you.
* * * LOW HITPOINT WARNING * * *
The bat hits you.
* * * LOW HITPOINT WARNING * * *
The rat bites you.
* * * LOW HITPOINT WARNING * * *
Unknown command.
As you read the scroll labelled TIWIUR OV SENN, it crumbles to dust.
You feel strangely unstable.
It was a scroll of teleportation.
The bat hits you but does no damage. The rat bites you but does no damage.
The bat hits you.
* * * LOW HITPOINT WARNING * * *
The rat bites you.
You die...

.....#......#
.....#......#
............#
............#
............+ .
...##.......##..
.......w........
.....bwr........
#......@.......#
........)......#
..##.....#######
. #.###.# ## #.
#.## ######. #
##.### #...##.
#....### ##.<....
#.###..###....##.
#. ##..#..######


You could see 2 dart slugs, a bat and a rat.

Vanquished Creatures
  A giant cockroach (D:1)
  A goblin (D:1)
2 creatures vanquished.

Notes
Turn   | Place    | Note
-------+----------+-------------------------------------------
     0 | D:1      | ismpop the Minotaur Berserker began the quest for the Orb.
     0 | D:1      | Reached XP level 1. HP: 19/19 MP: 0/0
    65 | D:1      | HP: 1/20 [bat (1)]
    65 | D:1      | Slain by a rat

Illustrated notes

Levels and vault maps discovered:
D:1:      dpeg_arrival_round_c, layout_basic, hangedman_decor_push,
          minmay_misc_feat_rows

Action                   || total
-------------------------++-------
Melee: Mace              ||    12
Invok: Berserk           ||     1
  Use: Scroll            ||     1
Armor: Animal skin       ||     4
Dodge: Dodged            ||    12

Table legend: (Time is in decaauts)
 A = Elapsed time spent in this place.
 B = Non-inter-level travel time spent in this place.
 C = Inter-level travel time spent in this place.
 D = Time resting spent in this place.
 E = Time spent auto-exploring this place.
 F = Levels seen in this place.
 G = Mean time per level.
                   A        B        C        D        E       F      G
               +--------+--------+--------+--------+--------+-----+--------+
         Total |     64 |     64 |      0 |      0 |     36 |   1 |   64.0 |
       Dungeon |     64 |     64 |      0 |      0 |     36 |   1 |   64.0 |
               +--------+--------+--------+--------+--------+-----+--------+

Top non-repeatable levels by time:
     D:1: 64 daAuts
